 Dungeon Crawl Stone Soup version 0.32-a0-871-ge202e49 (webtiles) character file.

Game seed: 12898297950248549438

82315 ozjimbob the Severer (level 15, -2/130 HPs)
             Began as a Minotaur Fighter on Mar 28, 2024.
             Was an Initiate of Gozag.
             Succumbed to a +4 broad axe of venom's poison
             ... on level 1 of the Elven Halls on Mar 29, 2024.
             The game lasted 01:22:26 (19581 turns).

ozjimbob the Severer (Minotaur Fighter)            Turns: 19581, Time: 01:22:27

Health: -2/130     AC: 23    Str: 31    XL:     15   Next: 29%
Magic:  14/14      EV: 10    Int:  2    God:    Gozag
Gold:   2329       SH:  0    Dex: 13    Spells: 14/14 levels left

rFire   + + +        a - +7 battleaxe (freeze)
rCold   + . .        (shield currently unavailable)
rNeg    . . .        z - +0 plate armour of Zemnak {*Slow rPois Regen+ Str+6}
rPois   +            (helmet restricted)
rElec   +            (no cloak)
rCorr   +            S - +1 pair of gloves {Stlth+}
SInv    .            m - +2 pair of boots {rampage}
Will    +....        n - amulet of the acrobat Stlth
                     w - ring "Geomips" {rF++ AC+4 Int-3}
HPRegen 1.21/turn    U - ring of flight
MPRegen 0.14/turn

%: slow self (1%), acrobat, rampage
@: mighty, lethally poisoned (-2 -> -17), about to teleport, resistant, marked,
gold aura, flying, bribing [the Elven Halls]
A: horns 2, retaliatory headbutt, electricity resistance, MP-powered wands
a: Renounce Religion, Potion Petition, Call Merchant, Bribe Branch


You were on level 1 of the Elven Halls.
You worshipped Gozag.
Gozag was most pleased with you.
You visited 4 branches of the dungeon, and saw 19 of its levels.
You also visited: Sewer, Ossuary and Ice Cave.

You collected 7415 gold pieces.
You spent 1100 gold pieces at shops.
You paid 3986 gold pieces to Gozag.

Inventory:

Hand Weapons
 a - a +7 battleaxe of freezing (weapon)
 b - a +8 heavy sling
 s - the +7 staff of the Meek {protect, meekguard}
   (You found it on level 3 of the Dungeon)
 E - a +2 war axe of freezing
 K - the +8 quarterstaff of Ythuyb {flame, rC+ rCorr Stlth+}
   (You found it on level 9 of the Dungeon)

   rC+:       It protects you from cold.
   rCorr:     It protects you from acid and corrosion.
   Stlth+:    It makes you more stealthy.
 T - a +3 battleaxe
Missiles
 C - 3 javelins
 N - 4 boomerangs
Armour
 l - +0 ice dragon scales
 m - a +2 pair of boots of rampaging (worn)
 z - the +0 plate armour of Zemnak (worn) {*Slow rPois Regen+ Str+6}
   (You found it on level 4 of the Dungeon)

   Str+6:     It affects your strength (+6).
   rPois:     It protects you from poison.
   Regen+:    It increases your rate of health regeneration.
   *Slow:     It may slow you when you take damage.
 S - a +1 pair of gloves of stealth (worn)
 W - a +1 leather armour of poison resistance
Jewellery
 d - an amulet of regeneration
 k - a ring of positive energy
 n - an amulet of the acrobat (around neck)
 q - an amulet of reflection
 w - the ring "Geomips" (left hand) {rF++ AC+4 Int-3}
   (You found it in an ice cave)

   [ring of protection]

   AC+4:      It affects your AC (+4).
   Int-3:     It affects your intelligence (-3).
   rF++:      It greatly protects you from fire.
 B - a +4 ring of protection
 O - a ring of fire
 U - a ring of flight (right hand)
 V - a ring of protection from cold
Wands
 v - a wand of iceblast (4)
 D - a wand of charming (8)
 P - a wand of light (5) (quivered)
 R - a wand of flame (5)
Scrolls
 i - 2 scrolls of torment {unknown}
 p - 2 scrolls of poison
 r - a scroll of summoning
 u - 3 scrolls of immolation
 x - 5 scrolls of teleportation
 y - 2 scrolls of blinking
 A - a scroll of silence
 F - 2 scrolls of fog
 I - 3 scrolls of revelation
 X - a scroll of amnesia
Potions
 e - 2 potions of mutation
 f - 6 potions of curing
 g - 3 potions of lignification
 h - 4 potions of brilliance
 j - 9 potions of heal wounds
 o - a potion of berserk rage {unknown}
 t - 2 potions of cancellation
 G - 4 potions of haste
 H - 3 potions of invisibility
 J - 2 potions of enlightenment
 L - 2 potions of magic {unknown}
 M - 2 potions of ambrosia
 Q - 4 potions of resistance


   Skills:
 - Level 11.3 Fighting
 - Level 20.0 Axes
 - Level 14.8 Staves
 * Level 12.3 Ranged Weapons
 - Level 1.4 Throwing
 - Level 8.5 Armour
 - Level 8.0 Dodging
 - Level 2.6 Stealth
 - Level 3.6 Shields
 - Level 2.4 Unarmed Combat
 - Level 2.7 Evocations


You had 14 spell levels left.
You didn't know any spells.
Your spell library contained the following spells:

 Spells                   Type           Power      Damage    Failure   Level
 Shock                    Conj/Air       0%         1d3       99%         1
 Summon Small Mammal      Summ           0%         N/A       99%         1
 Call Imp                 Summ           0%         N/A       100%        2
 Cigotuvi's Dreadful Rot  Necr/Alch/Air  0%         N/A       100%        2
 Jinxbite                 Hex            0%         N/A       100%        2
 Mercury Vapours          Alch/Air       0%         N/A       100%        2
 Sublimation of Blood     Necr           0%         N/A       100%        2
 Call Canine Familiar     Summ           0%         N/A       100%        3
 Dazzling Flash           Conj/Hex       0%         N/A       100%        3
 Mephitic Cloud           Conj/Alch/Air  0%         N/A       100%        3
 Swiftness                Air            0%         N/A       100%        3
 Airstrike                Air            0%         2d(0-16)  100%        4
 Ignite Poison            Fire/Alch      0%         N/A       100%        4
 Summon Blazeheart Golem  Fire/Summ      0%         N/A       100%        4
 Freezing Cloud           Conj/Ice/Air   0%         6-21      100%        5
 Yara's Violent Unravell  Hex/Alch       0%         3d3       100%        5
 Starburst                Conj/Fire      0%         6d3       100%        6
 Enfeeble                 Hex            0%         N/A       100%        7
 Summon Hydra             Summ           0%         N/A       100%        7
 Maxwell's Capacitive Co  Air            0%         ∞         100%        8


Dungeon Overview and Level Annotations

Branches:
Dungeon (11/15)            Temple (0/1) D:4            Lair (5/5) D:11
 Shoals (0/4) Lair:2       Spider (0/4) Lair:2        Slime (0/5) Lair:5
    Orc (2/2) D:10            Elf (1/3) Orc:2         Sewer (visited)
Ossuary (visited)           IceCv (visited)

Altars:
Ashenzari
Dithmenos
Elyvilon
Gozag
Kikubaaqudgha
Makhleb
Nemelex Xobeh
Okawaru
Qazlal
Sif Muna
Vehumet
Wu Jian
Xom
The Shining One
Beogh

Shops:
D:1 **=?   Orc:2 !?*[

Annotations:
Orc:1 6 transporters


Innate Abilities, Weirdness & Mutations

You have a pair of horns on your head.
You reflexively headbutt those who attack you in melee.
You are resistant to electric shocks. (rElec)
You expend magic power (3 MP) to strengthen your wands.


Message History

The deep elf pyromancer gestures wildly while chanting.
The deep elf pyromancer blinks!
The deep elf zephyrmancer is distracted by your dazzling golden aura.
The thermic dynamo hits you.
You are engulfed in flames.
You resist. The thermic dynamo hits you!
* * * LOW HITPOINT WARNING * * *
The thermic dynamo freezes you! You resist.
* * * LOW HITPOINT WARNING * * *
The deep elf zephyrmancer shouts!
You hear a shout!
As you read the scroll of teleportation, it crumbles to dust.
You feel strangely unstable.
* * * LOW HITPOINT WARNING * * *
You feel extremely sick.
The deep elf knight points at you and mumbles some strange words.
The shard of ice misses you.
The shard of ice hits the +0 war axe of flaming!!
The +0 war axe of flaming partially resists.
The thermic dynamo is distracted by your dazzling golden aura.
The +0 war axe of flaming barely misses you.
Something unexpectedly blocks you, preventing you from rampaging!
You slice something like a ripe choko!!!
You freeze something!
Reactivating autopickup.
You feel a bit more experienced.
You slice the +0 war axe of flaming!!
The +0 war axe of flaming turns to gold and falls from the air.
You closely miss the thermic dynamo.
The thermic dynamo is no longer distracted by gold.
* * * LOW HITPOINT WARNING * * *
You feel very sick.
The thermic dynamo overcharges itself and releases excess heat at you.
The rebounding bolt of fire hits you. You resist.
* * * LOW HITPOINT WARNING * * *
The deep elf knight casts a spell.
The deep elf knight seems to speed up.
The deep elf zephyrmancer closely misses the deep elf zephyrmancer.
You rampage towards the deep elf zephyrmancer!
You barely miss the deep elf zephyrmancer.
The deep elf zephyrmancer is no longer distracted by gold.
You die...
Your body crumbles into a pile of gold.

#.##...##....###.
#.##.###....##.##
#.#.####...##...# #
#.#.###...##..⌠.. #.
#.#e.'...##.○.... ####.##
#.##.##...##○.).# #......
#.##..##..)##...#
......v##......#........#
e...e.$.@ee....##.e....##
....e.$######...#...####.
#...... .#.##... #..
##.#### .####....#.. #
....'####### ####.#


You could see a deep elf knight (fast), a deep elf pyromancer, a deep elf
zephyrmancer, a thermic dynamo and a neutral deep elf zephyrmancer (wandering).

Vanquished Creatures
  Jorgrun (Orc:1)
  A frost giant (IceCv)
  2 hydras
  3 catoblepae (Lair:5)
  7 dancing weapons (Elf:1)
  2 boulder beetles
  A two-headed ogre (D:10)
  13 death yaks
  2 deep elf knights (Elf:1)
  A fire crab (Orc:2)
  3 skysharks (Lair:5)
  Amaemon (Lair:3)
  An orb spider (Lair:2)
  Pikel (D:5)
  An obsidian bat (Orc:2)
  10 deep elf pyromancers
  A faun (D:11)
  5 deep elf zephyrmancers
  2 orc knights
  2 wolf spiders (Lair:5)
  3 orc sorcerers
  An ugly thing (D:8)
  4 manticores
  Maurice (D:9)
  3 elephants (Lair:5)
  5 kobold blastminers
  An ice statue (IceCv)
  5 black mambas
  An orange demon (Lair:3)
  A gargoyle (D:11)
  A torpor snail (Lair:5)
  Maggie (D:7)
  6 cane toads
  5 rime drakes
  8 komodo dragons
  8 polar bears
  5 trolls
  Prince Ribbit (D:7)
  30 blink frogs
  2 slime creatures (Lair:5)
  81 yaks
  3 water elementals
  4 hogs (D:7)
  2 basilisks
  4 wyverns
  An unseen horror simulacrum (D:8)
  A human (D:7)
  3 wargs
  4 vampire mosquitoes (D:11)
  4 acid dragons
  10 water moccasins
  3 ice beasts
  28 orc warriors
  3 black bears
  2 ogres
  32 wolves
  10 centaurs
  3 lemures (D:5)
  2 phantoms
  3 kobold brigands
  2 brain worms (Sewer)
  9 bullfrogs
  3 elf zombies
  An earth elemental (Elf:1)
  7 scorpions
  12 wights
  17 killer bees
  6 electric eels
  A howler monkey (D:8)
  2 bombardier beetles
  A centaur zombie (Ossuary)
  3 human zombies (Ossuary)
  13 orc priests
  3 jellies
  4 hounds
  A gnoll bouda (D:8)
  A sleepcap (D:8)
  2 human skeletons (D:7)
  Ijyb (D:4)
  2 iguanas
  14 orc wizards
  A centaur simulacrum (D:8)
  5 hound zombies (Ossuary)
  2 mummies (Ossuary)
  Robin (D:2)
  6 adders
  10 gnolls
  2 river rats
  2 shadow imps (D:7)
  2 white imps
  5 ufetubi (D:7)
  6 adder zombies (Ossuary)
  3 dart slugs (D:1)
  5 ribbon worms (D:5)
  58 orcs
  7 bats
  An endoplasm (D:4)
  3 giant cockroaches
  5 gnoll zombies (Ossuary)
  14 goblins
  9 hobgoblins
  3 jackals (D:4)
  17 kobolds
  A quokka (D:1)
  11 ball pythons
  5 frilled lizards
  5 jackal zombies (Ossuary)
  4 kobold zombies (Ossuary)
  2 orc skeletons (D:7)
  6 orc zombies
  10 rats
671 creatures vanquished.

Vanquished Creatures (others)
  2 deep elf zephyrmancers (Elf:1)
  A deep elf pyromancer (Elf:1)
3 creatures vanquished.

Grand Total: 674 creatures vanquished

Notes
Turn   | Place    | Note
-------+----------+-------------------------------------------
     0 | D:1      | ozjimbob the Minotaur Fighter began the quest for the Orb.
     0 | D:1      | Reached XP level 1. HP: 19/19 MP: 0/0
    48 | D:1      | Reached skill level 3 in Axes
   124 | D:1      | Reached XP level 2. HP: 26/26 MP: 1/1
   336 | D:1      | Found Hakorano's Assorted Antiques.
   371 | D:1      | Found Odeic's Jewellery Shoppe.
   375 | D:1      | Found Coed Qown's Magic Scroll Shop.
   513 | D:1      | Reached skill level 4 in Axes
   736 | D:1      | Found Nukife's Assorted Antiques.
   791 | D:1      | Reached XP level 3. HP: 31/31 MP: 2/2
  1107 | D:2      | Reached skill level 1 in Unarmed Combat
  1599 | D:2      | Noticed Robin
  1603 | D:2      | Killed Robin
  2160 | D:3      | Found an opulent altar of Gozag.
  2177 | D:3      | Became a worshipper of Gozag Ym Sagoz the Greedy
  2186 | D:3      | Found a burning altar of Makhleb.
  2193 | D:3      | Reached skill level 5 in Axes
  2193 | D:3      | Reached XP level 4. HP: 25/39 MP: 3/3
  2490 | D:3      | Reached XP level 5. HP: 44/45 MP: 4/4
  2530 | D:3      | Found a roughly hewn altar of Beogh.
  2530 | D:3      | Found the +7 staff of the Meek {protect, meekguard}
  3099 | D:3      | Reached skill level 6 in Axes
  3326 | D:1      | Bought a scroll of identify for 28 gold pieces
  3326 | D:1      | Bought a scroll of brand weapon for 133 gold pieces
  3477 | D:4      | Reached skill level 1 in Throwing
  3561 | D:4      | Found an iron altar of Okawaru.
  3594 | D:4      | Identified the +0 plate armour of Zemnak {*Slow rPois
                  | Regen+ Str+6}
  3646 | D:4      | Reached XP level 6. HP: 45/51 MP: 5/5
  3724 | D:4      | Reached skill level 7 in Axes
  3752 | D:4      | Noticed Ijyb
  3934 | D:4      | Killed Ijyb
  4083 | D:4      | Found a staircase to the Ecumenical Temple.
  4153 | D:5      | Entered Level 5 of the Dungeon
  4172 | D:5      | Reached skill level 1 in Evocations
  4172 | D:5      | Reached XP level 7. HP: 57/57 MP: 6/6
  4233 | D:5      | Reached skill level 8 in Axes
  4281 | D:5      | Reached skill level 9 in Axes
  4409 | D:5      | Found a glowing drain.
  4418 | Sewer    | Entered a sewer
  4529 | Sewer    | Reached XP level 8. HP: 54/64 MP: 4/7
  4700 | Sewer    | Reached skill level 10 in Axes
  4899 | D:5      | Noticed a troll
  4906 | D:5      | Killed a troll
  4907 | D:5      | Reached skill level 11 in Axes
  4992 | D:5      | Found a broken altar of Ashenzari.
  5131 | D:1      | Bought an amulet of regeneration for 300 gold pieces
  5256 | D:5      | Noticed Pikel
  5263 | D:5      | Killed Pikel
  5264 | D:5      | Reached skill level 12 in Axes
  5355 | D:5      | Found a stormy altar of Qazlal.
  5719 | D:6      | Reached XP level 9. HP: 69/70 MP: 8/8
  5725 | D:6      | Reached skill level 13 in Axes
  5935 | D:6      | Identified the +9 short sword "Bifuad" {freeze, rF++}
  6108 | D:6      | Found a sparkling altar of Nemelex Xobeh.
  6116 | D:6      | Reached skill level 14 in Axes
  6121 | D:6      | Found an ornate altar of the Wu Jian Council.
  6137 | D:6      | Found a white marble altar of Elyvilon.
  6139 | D:6      | Found a shimmering blue altar of Sif Muna.
  6160 | D:6      | Found a radiant altar of Vehumet.
  6597 | D:7      | Noticed Prince Ribbit
  6607 | D:7      | Killed Prince Ribbit
  6608 | D:7      | Reached skill level 5 in Fighting
  6608 | D:7      | Reached skill level 15 in Axes
  6619 | D:7      | Reached XP level 10. HP: 83/83 MP: 9/9
  6751 | D:7      | Found a sand-covered staircase.
  6791 | Ossuary  | Entered an ossuary
  7075 | Ossuary  | Gained mutation: You are resistant to electric shocks.
                  | (rElec) [potion of mutation]
  7075 | Ossuary  | Gained mutation: You expend magic power (3 MP) to
                  | strengthen your wands. [potion of mutation]
  7180 | D:7      | Found a shadowy altar of Dithmenos.
  7361 | D:7      | Noticed Maggie
  7366 | D:7      | Killed Maggie
  7368 | D:7      | Reached skill level 16 in Axes
  7404 | D:7      | Found an ancient bone altar of Kikubaaqudgha.
  7843 | D:8      | Noticed a purple ugly thing
  7851 | D:8      | Killed a purple ugly thing
  7942 | D:8      | Upgraded the game from 0.32-a0-868-g153ae1a to
                  | 0.32-a0-870-g877066f
  7992 | D:8      | Reached skill level 17 in Axes
  8125 | D:1      | Bought a yellow potion for 21 gold pieces
  8125 | D:1      | Bought a silver wand for 96 gold pieces
  8125 | D:1      | Bought a pair of runed gloves for 180 gold pieces
  8125 | D:1      | Bought a fuming pink potion for 21 gold pieces
  8281 | D:8      | Reached skill level 5 in Armour
  8384 | D:8      | Found a shimmering altar of Xom.
  8399 | D:8      | Reached XP level 11. HP: 86/91 MP: 10/10
  8699 | D:9      | Found an ancient bone altar of Kikubaaqudgha.
  9080 | D:9      | Noticed Maurice
  9085 | D:9      | Maurice stole 200 gold
  9088 | D:9      | Killed Maurice
  9102 | D:9      | Identified the +8 quarterstaff of Ythuyb {flame, rC+ rCorr
                  | Stlth+}
  9461 | D:10     | Entered Level 10 of the Dungeon
  9465 | D:10     | Reached skill level 18 in Axes
  9792 | D:10     | Found a glowing golden altar of the Shining One.
  9914 | D:10     | Found a staircase to the Orcish Mines.
 10433 | D:11     | Noticed a boulder beetle
 10445 | D:11     | a boulder beetle changed into a faun
 10450 | D:11     | Reached skill level 19 in Axes
 10536 | D:11     | Found a staircase to the Lair.
 10547 | Lair:1   | Entered Level 1 of the Lair of Beasts
 10570 | Lair:1   | Reached skill level 1 in Staves
 10730 | Lair:1   | Reached skill level 5 in Staves
 10732 | Lair:1   | Reached XP level 12. HP: 97/100 MP: 11/11
 10830 | Lair:1   | Noticed a four-headed hydra
 10839 | Lair:1   | Killed a four-headed hydra
 11537 | Lair:2   | Reached skill level 10 in Staves
 11663 | Lair:2   | Found a staircase to the Shoals.
 11913 | Lair:2   | Found a hole to the Spider Nest.
 12120 | Lair:2   | Found a transporter.
 12122 | Lair:2   | Noticed a boulder beetle
 12123 | Lair:2   | Found a transporter.
 12152 | Lair:2   | Killed a boulder beetle
 12512 | Orc:1    | Entered Level 1 of the Orcish Mines
 12520 | Orc:1    | Noticed a two-headed ogre
 12551 | D:10     | Killed a two-headed ogre
 12862 | Orc:2    | Entered Level 2 of the Orcish Mines
 12912 | Orc:2    | Reached XP level 13. HP: 97/107 MP: 12/12
 12929 | Orc:2    | Found a roughly hewn altar of Beogh.
 13657 | Orc:2    | Reached skill level 20 in Axes
 13700 | Orc:2    | Found a staircase to the Elven Halls.
 13756 | Orc:2    | Reached skill level 10 in Fighting
 13756 | Orc:2    | Reached skill level 1 in Dodging
 14034 | Orc:2    | Found Ubip's Assorted Antiques.
 14034 | Orc:2    | Found Afussewa's Magic Scroll Boutique.
 14036 | Orc:2    | Found Kungous's Distillery.
 14038 | Orc:2    | Found Ryidwuh's Antique Armour Shoppe.
 14045 | Orc:2    | Bought a wand of flame (4) for 75 gold pieces
 14045 | Orc:2    | Bought a scroll of identify for 54 gold pieces
 14047 | Orc:2    | Bought a scroll of enchant armour for 127 gold pieces
 14050 | Orc:2    | Bought a potion of heal wounds for 65 gold pieces
 14288 | Orc:1    | Found a transporter.
 14288 | Orc:1    | Found a transporter.
 14288 | Orc:1    | Found a transporter.
 14339 | Orc:1    | Found a sparkling altar of Nemelex Xobeh.
 14339 | Orc:1    | Noticed a juggernaut
 14340 | Orc:1    | Found a transporter.
 14340 | Orc:1    | Found a transporter.
 14344 | Orc:1    | Found a transporter.
 14359 | Orc:1    | Noticed Jorgrun
 14441 | Orc:1    | Killed Jorgrun
 14607 | Lair:3   | Noticed Amaemon
 14619 | Lair:3   | Killed Amaemon
 14789 | Lair:3   | Reached skill level 5 in Dodging
 14820 | Lair:3   | Upgraded the game from 0.32-a0-870-g877066f to
                  | 0.32-a0-871-ge202e49
 14824 | Lair:3   | Found a frozen archway.
 14836 | Lair:3   | Reached skill level 1 in Stealth
 14853 | IceCv    | Entered an ice cave
 15353 | IceCv    | Reached XP level 14. HP: 124/124 MP: 13/13
 15752 | IceCv    | Noticed a frost giant
 15791 | IceCv    | Killed a frost giant
 16087 | IceCv    | Identified the ring "Geomips" {rF++ AC+4 Int-3}
 16873 | Lair:4   | Reached skill level 1 in Ranged Weapons
 17396 | Lair:5   | Entered Level 5 of the Lair of Beasts
 17509 | Lair:5   | Reached skill level 5 in Ranged Weapons
 17515 | Lair:5   | Found a staircase to the Slime Pits.
 18230 | Lair:5   | Reached skill level 10 in Ranged Weapons
 18285 | Lair:5   | Reached XP level 15. HP: 130/130 MP: 14/14
 19125 | Elf:1    | Entered Level 1 of the Elven Halls
 19580 | Elf:1    | HP: 6/130 [poisoned by a +4 broad axe of venom]
 19580 | Elf:1    | HP: 1/130 [thermic dynamo/rebounding bolt of fire (5)]
 19581 | Elf:1    | Succumbed to a +4 broad axe of venom's poison

Illustrated notes

Levels and vault maps discovered:
D:1:      psy_arrival_radial01, layout_loops_ring, serial_shops, shop,
          nicolae_shop_window_shopping, nicolae_shop_crystal, shop
D:2:      layout_loops_corners, uniq_robin
D:3:      layout_basic, bloody_makhleb, mainiacjoe_overflow_boulevard,
          pf_guarded_unrand_meek
D:4:      layout_rooms, general_overflow_altar, minmay_temple_entry_fiery,
          uniq_ijyb
D:5:      layout_loops_ring, mainiacjoe_overflow_catwalk,
          mainiacjoe_overflow_paths, lightli_sewer_entry_pipes, uniq_pikel
D:6:      layout_loops_ring, nicolae_overflow_macrodata_refinement,
          pf_just_have_faith
D:7:      layout_basic, nicolae_ossuary_entry_catacombs,
          hangedman_feature_mirror, grunt_livestock, uniq_maggie,
          uniq_crazy_yiuf_cottage, uniq_prince_ribbit1
D:8:      layout_basic, nicolae_overflow_crystal_walls, serial_ice,
          serial_ice_e, serial_ice_k, serial_ice_c, serial_ice_f, serial_ice_h
D:9:      layout_irregular_city, nicolae_kikubaaqudgha_miasma_corner,
          kennysheep_generic_room_2, uniq_maurice
D:10:     layout_long_grid, tso_oasis_becter, orc_0_dummy, serial_park_tiny_2,
          minmay_parallelograms
D:11:     erik_rubicon_a, layout_loops_ring, grunt_lair_entry_orc_guard_hut,
          nicolae_hepliaklqana_hippocampus
Lair:1:   layout_loops_ring
Lair:2:   gammafunk_boulding_lane, layout_regular_city,
          minmay_shoals_entry_beasts, nicolae_spider_entry_orb_guardian,
          infiniplex_staircase_pool_2
Lair:3:   layout_loops_ring, portal_ice_cave_rime, uniq_amaemon
Lair:4:   layout_misc_corridors
Lair:5:   evilmike_catoblepas_cave, layout_cave_pods,
          minmay_slime_entry_pillars, nicolae_lair_run_with_the_wolves
Orc:1:    layout_caves, hellmonk_jugg_or_not, uniq_jorgrun
Orc:2:    st_orc_rangers, layout_diamond_mine, basic_altar, elves_outpost_lemuel
Elf:1:    eino_elf_arrival_sip, layout_loops_corners,
          nicolae_trove_entry_crystal, minmay_elf_crystal_hexagon,
          grunt_megastairs_1

Skill      XL: |  1  2  3  4  5  6  7  8  9 10 11 12 13 14 15 |
---------------+----------------------------------------------+-----
Axes           | 3 4 5 6 7 9 12 15 17 19 20 | 20.0
Unarmed Combat | 2 |  2.4
Throwing       | 1 |  1.4
Armour         | 4 5 8 |  8.5
Evocations     | 1 2 |  2.7
Fighting       | 5 7 11 | 11.3
Staves         | 5 13 14 | 14.8
Dodging        | 6 8 |  8.0
Stealth        | 2 |  2.6
Ranged Weapons | 10 12 | 12.3
Shields        | |  3.6

Action                     |  1- 3 |  4- 6 |  7- 9 | 10-12 | 13-15 || total
---------------------------+-------+-------+-------+-------+-------++-------
  Melee: War axe           |   119 |    69 |   134 |       |       ||   322
         Headbutt          |    18 |     7 |    18 |    66 |   120 ||   229
         Battleaxe         |       |       |    62 |   451 |   510 ||  1023
         Quarterstaff      |       |       |       |     4 |   151 ||   155
   Fire: Sling             |       |       |       |       |    31 ||    31
  Throw: Javelin           |       |    12 |       |     2 |     4 ||    18
         Throwing net      |       |       |     1 |       |       ||     1
         Boomerang         |       |       |       |    24 |     8 ||    32
 Invoke: Potion Petition   |       |       |       |       |     3 ||     3
         Bribe Branch      |       |       |       |       |     1 ||     1
  Evoke: Wand              |       |       |     1 |    24 |    13 ||    38
    Use: Scroll            |       |     5 |     6 |     9 |     8 ||    28
         Potion            |       |       |     1 |     9 |     5 ||    15
   Stab: Distracted        |       |       |     2 |     5 |     3 ||    10
         Invisible         |       |       |       |     1 |       ||     1
 Armour: Scale mail        |    87 |    19 |       |       |       ||   106
         Plate armour      |       |    38 |   148 |   373 |   421 ||   980
         Skin              |       |       |       |       |    26 ||    26
         Ice dragon scales |       |       |       |       |    79 ||    79
  Dodge: Dodged            |    39 |    22 |    70 |   223 |   366 ||   720
  Block: Buckler           |    23 |     7 |    19 |       |       ||    49

Table legend: (Time is in decaauts)
 A = Elapsed time spent in this place.
 B = Non-inter-level travel time spent in this place.
 C = Inter-level travel time spent in this place.
 D = Time resting spent in this place.
 E = Time spent auto-exploring this place.
 F = Levels seen in this place.
 G = Mean time per level.
                   A        B        C        D        E       F      G
               +--------+--------+--------+--------+--------+-----+--------+
         Total |  19539 |  18202 |   1337 |   1598 |   9943 |  22 |  888.1 |
       Dungeon |  10285 |   9300 |    985 |    684 |   5530 |  11 |  935.0 |
          Lair |   4813 |   4585 |    228 |    145 |   3160 |   5 |  962.6 |
  Orcish Mines |   1859 |   1737 |    122 |    160 |    695 |   2 |  929.5 |
   Elven Halls |    449 |    449 |      0 |     88 |    146 |   1 |  449.0 |
         Sewer |    451 |    451 |      0 |      2 |    230 |   1 |  451.0 |
       Ossuary |    295 |    295 |      0 |      0 |     26 |   1 |  295.0 |
      Ice Cave |   1384 |   1384 |      0 |    519 |    155 |   1 | 1384.0 |
               +--------+--------+--------+--------+--------+-----+--------+

Top non-repeatable levels by time:
  Lair:5: 1501 daAuts
     D:3: 1426 daAuts
   IceCv: 1384 daAuts
   Orc:2: 1296 daAuts
     D:1: 1242 daAuts
     D:2: 1237 daAuts
     D:5: 1071 daAuts
  Lair:2: 1064 daAuts
    D:10: 954 daAuts
     D:9: 893 daAuts
     D:7: 887 daAuts
  Lair:1: 852 daAuts
  Lair:3: 847 daAuts
     D:6: 782 daAuts
     D:8: 730 daAuts
